 Dungeon Crawl Stone Soup version 0.17-a0-2073-gde5cdba (webtiles) character file.

1659 radek the Infuser (level 8, -5/41 HPs)
             Began as a Deep Elf Conjurer on Oct 14, 2015.
             Slain by WildSam's ghost (13 damage)
             ... on level 7 of the Dungeon.
             The game lasted 00:34:11 (9731 turns).

radek the Infuser (Deep Elf Conjurer)               Turns: 9731, Time: 00:34:11

Health: -5/41      AC:  3    Str:  6    XL:     8   Next: 68%
Magic:  5/18       EV: 13    Int: 22    God:
Gold:   367        SH:  0    Dex: 15    Spells: 2 memorised, 12 levels left

rFire  . . .     SeeInvis .     (no weapon)
rCold  . . .     Clarity  .     a - +0 robe
rNeg   . . .     SustAt   +     (no shield)
rPois  .         Gourm    .     (no helmet)
rElec  .         Spirit   .     y - +0 cloak
rCorr  .         Warding  .     (no gloves)
rMut   .         Stasis   .     (no boots)
MR     .....                    (no amulet)
Stlth  +++.......               v - ring of stealth
                                j - ring of sustain attributes

@: not resistant to hostile enchantments, fairly stealthy
A: no striking features
a: no special abilities


You were on level 7 of the Dungeon.
You were not hungry.

You visited 2 branches of the dungeon, and saw 8 of its levels.

You collected 367 gold pieces.

Inventory:

Hand Weapons
 C - a +1 spear of venom
Armour
 a - a +0 robe (worn)
 u - a +0 cloak
 y - a +0 cloak (worn)
Jewellery
 j - a ring of sustain attributes (left hand)
 l - a cursed ring of loudness {unknown}
 v - a ring of stealth (right hand)
 w - an uncursed ring of positive energy {unknown}
Scrolls
 e - 2 scrolls of recharging {unknown}
 h - 5 scrolls of remove curse {unknown}
 i - 4 scrolls of magic mapping {unknown}
 k - 2 scrolls of blinking {unknown}
 q - 5 scrolls of identify {unknown}
 t - 4 scrolls of random uselessness {unknown}
 A - a scroll of fog {unknown}
 E - a scroll of enchant armour {unknown}
 F - a scroll of enchant weapon {unknown}
 J - a scroll of noise {unknown}
Potions
 c - a potion of berserk rage {unknown}
 d - a potion of agility {unknown}
 f - 3 potions of flight {unknown}
 g - a potion of invisibility {unknown}
 m - 2 potions of degeneration {unknown}
 o - a potion of cancellation {unknown}
 p - a potion of ambrosia {unknown}
 r - 4 potions of curing {unknown}
 s - a potion of lignification {unknown}
 x - 2 potions of might {unknown}
 B - 2 potions of brilliance {unknown}
 D - a potion of resistance {unknown}
 H - a potion of poison {unknown}
Books
 b - a book of Conjurations

   Spells                             Type                      Level
   a - Magic Dart                     Conjuration                  1
   b - Searing Ray                    Conjuration                  2
   c - Dazzling Spray                 Conjuration/Hexes            3
   d - Fulminant Prism                Conjuration/Hexes            4
   e - Iskenderun's Mystic Blast      Conjuration                  4
   f - Iskenderun's Battlesphere      Conjuration/Charms           5
 n - a book of Party Tricks

   Spells                             Type                      Level
   a - Summon Butterflies             Summoning                    1
   b - Apportation                    Translocation                1
   c - Tukima's Dance                 Hexes                        3
   d - Alistair's Intoxication        Transmutation/Poison         4
   e - Invisibility                   Hexes                        6
 I - a book of Transfigurations

   Spells                             Type                      Level
   a - Stoneskin                      Transmutation/Earth          2
   b - Irradiate                      Conjuration/Transmutation    5
   c - Statue Form                    Transmutation/Earth          6
   d - Hydra Form                     Transmutation                6
   e - Dragon Form                    Transmutation                7
 K - a book of Conjurations

   Spells                             Type                      Level
   a - Magic Dart                     Conjuration                  1
   b - Searing Ray                    Conjuration                  2
   c - Dazzling Spray                 Conjuration/Hexes            3
   d - Fulminant Prism                Conjuration/Hexes            4
   e - Iskenderun's Mystic Blast      Conjuration                  4
   f - Iskenderun's Battlesphere      Conjuration/Charms           5
 N - a book of Cantrips

   Spells                             Type                      Level
   a - Corona                         Hexes                        1
   b - Animate Skeleton               Necromancy                   1
   c - Summon Small Mammal            Summoning                    1
   d - Apportation                    Translocation                1
Comestibles
 z - 2 slices of pizza
 G - a beef jerky
 L - a meat ration
 M - 2 fruits


   Skills:
 + Level 2.8 Dodging
 - Level 2.4 Stealth
 + Level 5.8 Spellcasting
 + Level 9.0 Conjurations
 - Level 10.4 Charms


You had 12 spell levels left.
You knew the following spells:

 Your Spells              Type           Power        Failure   Level  Hunger
a - Magic Dart            Conj           ####         1%          1    None
b - Iskenderun's Battles  Conj/Chrm      #####...     6%          5    #####..


Dungeon Overview and Level Annotations

Branches:
Dungeon (7/15)             Temple (1/1) D:4

Altars:
Ashenzari
Cheibriados
Dithmenos
Elyvilon
Fedhas
Gozag
Kikubaaqudgha
Makhleb
Nemelex Xobeh
Okawaru
Qazlal
Ru
Sif Muna
Trog
Xom
Yredelemnul
Zin
The Shining One

Shops:
D:5 }

Annotations:
D:7 WildSam's ghost, novice DsMo


Message History

WildSam's ghost is almost destroyed.
WildSam's ghost completely misses you.
Casting: Magic Dart
Confirm with . or Enter, or press ? or * to list all spells.
Aiming: Magic Dart
Press: ? - help, Shift-Dir - straight line, f/p - WildSam's ghost
Aim: WildSam's ghost (almost destroyed)
The magic dart hits WildSam's ghost.
WildSam's ghost is almost destroyed.
WildSam's ghost hits you!
* * * LOW HITPOINT WARNING * * *
Casting: Magic Dart
Confirm with . or Enter, or press ? or * to list all spells.
Aiming: Magic Dart
Press: ? - help, Shift-Dir - straight line, f/p - WildSam's ghost
Aim: WildSam's ghost (almost destroyed)
The magic dart hits WildSam's ghost.
WildSam's ghost is almost destroyed.
WildSam's ghost hits you!
You die...

#..?... #...... ### #...#.#
#.. #...#.# #### ## #.#
###.#.# #... .# #.#
#####...#.# #.## .###.#
#...ยง.....####.# #.## .....#
#......W.......# ####.#.
.###.#####....##@########
#...... .##........... #.#
#.##.## ###.##.#.#### ##>##
#.##... #.##.#.# #...# #.#####
#.##.#.# #...# #.# #.##.#.#
#...# #.##### #......#
#...##### #..#...
####.########...#...## ##.#.#.
#...................#####...#.


You could see WildSam's ghost.

Vanquished Creatures
  A hippogriff (D:7)
  A water moccasin (D:6)
  An ice beast (D:5)
  An ogre (D:6)
  An orc warrior (D:6)
  A big kobold (D:7)
  2 centaurs
  Blork the orc (D:6)
  2 giant frogs (D:6)
  3 scorpions
  3 crimson imps
  A hound (D:6)
  An iguana (D:4)
  2 orc wizards (D:6)
  5 worker ants
  A hound skeleton (D:5)
  A mummy (D:5)
  2 worker ant zombies (D:6)
  11 adders
  2 shadow imps
  An ooze (D:4)
  An adder skeleton (D:5)
  A worm (D:2)
  7 giant geckos
  7 orcs
  3 ball pythons
  12 hobgoblins
  4 jackals
  6 quokkas
  10 bats
  5 giant cockroaches
  7 giant newts
  10 goblins
  A jackal skeleton (D:4)
  12 kobolds
  12 rats
142 creatures vanquished.

Notes
Turn   | Place    | Note
--------------------------------------------------------------
     0 | D:1      | radek the Deep Elf Conjurer began the quest for the Orb.
     0 | D:1      | Reached XP level 1. HP: 10/10 MP: 6/6
   261 | D:1      | Reached XP level 2. HP: 15/15 MP: 4/8
   305 | D:1      | Reached skill level 5 in Conjurations
   740 | D:1      | Reached XP level 3. HP: 19/19 MP: 6/9
  1764 | D:2      | Reached skill level 6 in Conjurations
  2095 | D:2      | Reached XP level 4. HP: 20/24 MP: 3/10
  2491 | D:2      | Found an iron altar of Okawaru.
  2493 | D:2      | Found a bloodstained altar of Trog.
  3380 | D:3      | Found a faded altar to an unknown god.
  3651 | D:3      | Reached skill level 7 in Conjurations
  3651 | D:3      | Reached XP level 5. HP: 25/28 MP: 4/11
  3661 | D:3      | Learned a level 5 spell: Iskenderun's Battlesphere
  4038 | D:4      | Found a staircase to the Ecumenical Temple.
  4060 | Temple   | Entered the Ecumenical Temple
  4540 | D:4      | Reached XP level 6. HP: 21/32 MP: 3/12
  4774 | D:4      | Reached skill level 5 in Charms
  5786 | D:5      | Entered Level 5 of the Dungeon
  6005 | D:5      | Found a shattered altar of Ashenzari.
  6302 | D:5      | Found Ulaora's Gadget Emporium.
  6371 | D:5      | Reached XP level 7. HP: 21/36 MP: 3/13
  6736 | D:5      | Found a snail-covered altar of Cheibriados.
  6998 | D:6      | Reached skill level 8 in Charms
  7143 | D:6      | Noticed Blork the orc
  7147 | D:6      | Killed Blork the orc
  7222 | D:6      | Reached skill level 9 in Charms
  7508 | D:6      | Reached skill level 10 in Charms
  7911 | D:6      | Reached XP level 8. HP: 9/41 MP: 5/16
  8224 | D:6      | Found a shimmering altar of Xom.
  8228 | D:6      | Found a shimmering altar of Xom.
  8228 | D:6      | Found a shimmering altar of Xom.
  8229 | D:6      | Found a shimmering altar of Xom.
  8231 | D:6      | Found a shimmering altar of Xom.
  8498 | D:6      | Found a white marble altar of Elyvilon.
  9123 | D:7      | Reached skill level 5 in Spellcasting
  9570 | D:7      | Found a blossoming altar of Fedhas.
  9713 | D:7      | Noticed WildSam's ghost (novice DsMo)
  9731 | D:7      | Slain by WildSam's ghost

Vault maps used:
D:1:      dpeg_arrival_rhombi
D:2:      nicolae_overflow_hidden_temple, minivault_26
D:3:      lemuel_upstairs_altar, ecumenical_altar_1, first_bread
D:4:      minmay_temple_entry_glassed_door
D:5:      slow_altar_2, serial_shops, shop, nicolae_ashenzari_panopticon
D:6:      xom_redecorated, lemuel_round_altar, uniq_blork_the_orc
D:7:      fedhas_altar_2, grunt_livestock
Temple:   triangle_lava_temple_12

Action                   |  1- 3 |  4- 6 |  7- 9 || total
-------------------------+-------+-------+-------++-------
Melee: Unarmed           |     3 |     8 |       ||    11
 Cast: Magic Dart        |   103 |   153 |   124 ||   380
       Iskenderun's Batt |       |     2 |    16 ||    18
  Eat: Bread ration      |     1 |       |     2 ||     3
       Chunk             |       |     7 |     1 ||     8
       Meat ration       |       |     1 |     1 ||     2
       Beef jerky        |       |       |     1 ||     1
